Description

Quick 2 base timing with stim, +1 and combat shield

Replay - INnoVation v PtitDrogo: Game 2 - Pillars of Gold LE

Build Order

Get SALT Encoding   

  12  0:00  SCV  
  13  0:13  SCV  
  14  0:18  Supply Depot  
  14  0:25  SCV  
  15  0:39  SCV  
  15  0:41  Barracks  
  16  0:45  Refinery  
  16  0:52  SCV  
  17  1:04  SCV  
  18  1:16  SCV  
  19  1:28  Reaper, Orbital Command  
  20  1:54  SCV  
  20  1:55  Command Center  
  20  1:58  Supply Depot  
  20  2:00  Marine  
  22  2:06  SCV  
  23  2:12  Factory  
  23  2:17  Refinery  
  23  2:20  SCV  
  24  2:23  Barracks Reactor  
  26  2:57  Factory Tech Lab, Starport  
  27  3:00  Marine x2  
  29  3:08  Orbital Command  
  30  3:15  Barracks  
  30  3:18  Marine x2  
  33  3:35  Marine x2  
  33  3:39  Barracks  
  36  3:43  Raven  
  36  3:46  Factory Tech Lab  
  40  3:50  Supply Depot  
  40  3:54  Marine x2  
  44  4:05  Engineering Bay  
  44  4:08  Refinery  
  44  4:14  Stimpack  
  46  4:18  Supply Depot  
  46  4:21  Marine  
  50  4:32  Terran Infantry Weapons Level 1  
  50  4:35  Starport Reactor  
  50  4:38  Factory Reactor  
  51  4:42  Supply Depot  
  53  4:49  Marauder x2  
  59  4:56  Combat Shield, Refinery  
  63  5:13  Medivac x2  
  69  5:26  Marauder x2, Widow Mine x2  
  81  5:47  Marauder x2  
  85  5:55  Medivac x2  
  85  5:56  Widow Mine x2  
  94  6:15  Marauder x2  
Spawning Tool Build Advisor. Get it on Overwolf

Go to:

Details

  • Created by: eCakes
  • Published on: Jun 25, 2020
  • Modified on: Jun 25, 2020
  • Patch: 4.11.0
  • Difficulty: Medium
Show
View Real Time Build Order
Export as new Build Order

Comments (0)

There are no comments. Be the first!

Create an account to comment!